 Dungeon Crawl Stone Soup version 0.18-a0-1267-gff090c1 (webtiles) character file.

254 namelastname112 the Shooter (level 5, -1/46 HPs)
             Began as a Draconian Hunter on Feb 7, 2016.
             Slain by a kobold
             ... wielding a +0 short sword
              (6 damage)
             ... in a sewer.
             The game lasted 00:03:32 (2062 turns).

namelastname112 the Shooter (Draconian Hunter)      Turns: 2062, Time: 00:03:32

Health: -1/46      AC:  5    Str: 15    XL:     5   Next: 91%
Magic:  5/5        EV: 19    Int: 11    God:
Gold:   79         SH:  0    Dex: 17    Spells: 0 memorised, 4 levels left

rFire  . . .     SeeInvis .     a - +1 shortbow
rCold  + . .     Gourm    .     (armour unavailable)
rNeg   . . .     Faith    .     (shield currently unavailable)
rPois  .         Spirit   .     (helmet restricted)
rElec  .         Dismiss  .     (no cloak)
rCorr  .         Reflect  .     (no gloves)
SustAt .         Harm     .     (no boots)
MR     .....                    (no amulet)
Stlth  +++.......               (no ring)
                                e - ring of protection from cold

@: agile, not resistant to hostile enchantments, fairly stealthy
A: unfitting armour, cold-blooded, AC +5
a: no special abilities


You were in a sewer.
You were not hungry.

You visited 1 branch of the dungeon, and saw 3 of its levels.
You also visited: Sewer.

You collected 79 gold pieces.

Inventory:

Hand Weapons
 a - a +1 shortbow (weapon)
 f - a +1 dagger of flaming
Missiles
 c - 7 arrows (quivered)
Jewellery
 e - a ring of protection from cold (left hand)
Scrolls
 b - 2 scrolls of recharging {unknown}
 i - a scroll of teleportation {unknown}
 l - a scroll of remove curse {unknown}
Potions
 g - a potion of resistance {unknown}
 h - 2 potions of agility
 j - 5 potions of curing {unknown}
Comestibles
 d - 2 bread rations
 k - a beef jerky
 m - 3 fruits


   Skills:
 + Level 3.7 Fighting
 * Level 5.2 Bows
 + Level 3.3 Dodging
 - Level 0.8 Stealth


You had 4 spell levels left.
You didn't know any spells.

Dungeon Overview and Level Annotations

Branches:
Dungeon (3/15)

Altars:
Okawaru
Pakellas
Zin


Innate Abilities, Weirdness & Mutations

Your plain brown scales are hard (AC +5).
Your body does not fit into most forms of armour.
You are cold-blooded and may be slowed by cold attacks.


Message History

Press: ? - help, Shift-Dir - straight line, f/p - big kobold
Aim: a big kobold, wielding a short sword (almost dead)
You shoot an arrow.
The arrow closely misses the big kobold.
The big kobold misses you. The kobold hits you but does no damage.
The kobold barely misses you.
Firing (i - inventory):
c - 9 arrows (quivered)
Press: ? - help, Shift-Dir - straight line, f/p - big kobold
Aim: a big kobold, wielding a short sword (almost dead)
You shoot an arrow. The arrow hits the big kobold!
You kill the big kobold!
Your Bows skill increases to level 5!
The kobold hits you but does no damage. The kobold completely misses you.
Firing (i - inventory):
c - 8 arrows (quivered)
Press: ? - help, Shift-Dir - straight line, f - kobold
Aim: a kobold You shoot an arrow.
The arrow hits the kobold but does no damage.
The kobold barely misses you. The kobold hits you with a short sword.
You die...

#.....# ≈#
#.....#
≈#≈####'###
≈≈≈≈≈≈≈((.#
≈≈≈≈≈≈≈...##
≈≈≈≈≈≈....(#
≈≈≈≈≈≈.....#
≈≈≈≈≈≈.K)K##
≈≈≈≈≈≈..@.#
≈≈≈≈≈≈≈...##
≈≈≈≈≈≈.....##
≈≈≈≈.......#
≈≈≈≈≈......#
≈≈≈≈≈......#
≈≈≈.......##
≈≈≈.≈...††#
≈≈≈....÷.##


You could see 2 kobolds.

Vanquished Creatures
  A phantom (D:3)
  A big kobold (Sewer)
  A river rat (Sewer)
  2 adders
  3 worms
  2 giant geckos (D:1)
  2 orcs (D:3)
  A ball python (D:3)
  11 bats
  2 giant cockroaches
  8 goblins
  5 hobgoblins
  3 jackals (D:3)
  6 kobolds
  A quokka (D:2)
  2 giant newts
  6 rats
57 creatures vanquished.

Notes
Turn   | Place    | Note
--------------------------------------------------------------
     0 | D:1      | namelastname112 the Draconian Hunter began the quest for the Orb.
     0 | D:1      | Reached XP level 1. HP: 17/17 MP: 1/1
   233 | D:1      | Reached XP level 2. HP: 19/25 MP: 2/2
   480 | D:1      | Reached skill level 4 in Bows
   833 | D:2      | Reached XP level 3. HP: 30/30 MP: 3/3
   879 | D:2      | Found an oddly glowing altar of Pakellas.
  1324 | D:3      | Found an iron altar of Okawaru.
  1324 | D:3      | Noticed a phantom
  1359 | D:3      | Killed a phantom
  1359 | D:3      | Reached XP level 4. HP: 29/38 MP: 4/4
  1359 | D:3      | Reached XP level 5. HP: 34/45 MP: 5/5
  1708 | D:3      | Found a glowing silver altar of Zin.
  1759 | D:3      | Found a glowing drain.
  1763 | Sewer    | Entered a sewer
  2061 | Sewer    | Reached skill level 5 in Bows
  2062 | Sewer    | Slain by a kobold

Vault maps used:
D:1:      dpeg_arrival_stonehenge_8_columns
D:2:      dk_noncrumbling_3, hangedman_decor_growths, grunt_pakellas_salt
D:3:      lemuel_round_altar, gup_sewer_entry_bowl, okawaru_ov_weapons_minmay
Sewer:    sewer_minmay_treatment

Action                   |  1- 3 |  4- 6 || total
-------------------------+-------+-------++-------
Melee: Dagger            |   108 |    74 ||   182
       Short sword       |     5 |       ||     5
 Fire: Shortbow          |    20 |    14 ||    34
  Use: Potion            |       |     1 ||     1
 Stab: Sleeping          |     2 |     1 ||     3
  Eat: Chunk             |     1 |     3 ||     4
